[Event "American Cup Blitz 2024"]
[Site "Saint Louis"]
[Date "2024.03.21"]
[Round "4.4"]
[White "Quesada Perez, Yuniesky"]
[Black "Le, Quang Liem"]
[Result "1/2-1/2"]
[ECO "B31"]
[WhiteElo "2591"]
[BlackElo "2731"]
[Annotator "TA"]
[PlyCount "104"]
[EventDate "2024.03.21"]
[EventType "swiss"]
[EventCountry "USA"]
[SourceTitle "playchess.com"]
[Source "ChessBase"]
[SourceQuality "1"]
[TimeControl "180+2"]

1. e4 c5 2. Nf3 Nc6 3. Bb5 g6 4. O-O Bg7 5. c3 Nf6 6. Re1 O-O 7. d4 a6 8. Bxc6 dxc6 9. h3 cxd4 10. cxd4 c5 11. e5 (11. dxc5 Qxd1 12. Rxd1 Nxe4 $17) 11... Nd7 12. e6 fxe6 13. Nc3 cxd4 14. Nxd4 Nb6 15. Nf3 (15. Nxe6 $11 Qxd1 16. Nxd1 Bxe6 17. Rxe6) 15... Qxd1 $15 16. Nxd1 Bd7 17. Be3 Nc4 18. Bd4 Rac8 19. Bxg7 Kxg7 20. b3 Na3 {[%emt 0:00:08] Und jetzt ...Nc2 wäre schön.} 21. Ne3 Rfd8 22. Rac1 Bc6 23. Ng5 Rd6 24. Ng4 Bd7 25. Rxc8 Bxc8 26. Rc1 Rc6 (26... Rd8 $14) 27. Rxc6 $16 bxc6 {[%emt 0:00:01][%mdl 4096] Endspiel. KBN-KNN} 28. Ne5 Bb7 (28... h5 $16) 29. f4 (29. Nxe6+ Kf6 30. Nd8 Kxe5 $14) 29... Nb5 30. Nxe6+ Kf6 31. Nc5 Bc8 32. Nxc6 {[%emt 0:00:04] Ein dynamisches Springerpaar.} Nc3 33. Kf2 {[%emt 0:00:07] Gegen Ne2 gerichtet.} (33. a3 $16) 33... Nxa2 $14 34. g4 h6 {[%emt 0:00:06] [#]} (34... Nc3 $14) 35. Kf3 $1 $16 {[%emt 0:00:03] Weiß steht aktiver.} Nc3 {[%emt 0:00:01] [#]} 36. h4 $1 g5 37. hxg5+ hxg5 38. fxg5+ ({Günstiger ist} 38. Na7 $16 Be6 39. fxg5+ (39. Nxa6 Bxb3 40. fxg5+ Kxg5 $11) 39... Ke5 40. Nc6+ (40. Nxa6 Bxb3 41. Nb4 Bd1+ 42. Kg3 Ne2+ 43. Kh4 Nf4 $14) 40... Kd6 41. Nxe6 (41. Nxa6 $2 {zu gefräßig.} Kxc6 42. Nb4+ Kd6 $19) 41... Kxe6 42. Nb8) 38... Kxg5 $11 {[%emt 0:00:01] Die Stellung ist ausgeglichen.} 39. Nxe7 Bxg4+ 40. Ke3 Kf6 41. Nc6 Bc8 42. Nb4 Ke5 43. Ncd3+ Kd6 44. Kd4 Nb5+ 45. Ke3 a5 46. Nc2 Be6 47. Nd4 Nc3 48. Nxe6 Kxe6 49. Kd4 Ne2+ 50. Kc4 Kd6 51. Kb5 Nd4+ 52. Kxa5 Nxb3+ {[%emt 0:00:01] Gewichteter Fehlerwert: Weiß=0.10 (sehr präzise) /Schwarz=0.13 (sehr präzise) .  Fehler:       	Weiß=3     	Schwarz=3     Ungenau:       	Weiß=1     	Schwarz=4     OK:         	Weiß=16    	Schwarz=15    Bester:       	Weiß=5     	Schwarz=5     Stark:        	Weiß=2     	---} 1/2-1/2

[Event "American Cup Blitz 2024"]
[Site "Saint Louis"]
[Date "2024.03.21"]
[Round "4.5"]
[White "So, Wesley"]
[Black "Antipov, Mikhail Al."]
[Result "1-0"]
[ECO "C54"]
[WhiteElo "2757"]
[BlackElo "2573"]
[Annotator "TA"]
[PlyCount "70"]
[EventDate "2024.03.21"]
[EventType "swiss"]
[EventCountry "USA"]
[SourceTitle "playchess.com"]
[Source "ChessBase"]
[SourceQuality "1"]
[TimeControl "180+2"]

1. e4 e5 2. Nf3 Nc6 3. Bc4 Bc5 4. d3 Nf6 5. Bg5 h6 6. Bh4 a6 7. c3 d6 8. Nbd2 {[%emt 0:00:06] C54: Giuoco Piano: 4 c3 Nf6, main lines with 5 d4 and 5 d3.} Ba7 9. b4 Qe7 10. O-O g5 11. Bg3 Nd7 12. a4 h5 13. h4 g4 14. Nh2 Nf8 15. Kh1 Ng6 16. b5 (16. f3 $11 Nxh4 17. fxg4) 16... Na5 (16... Nd8 $17 17. d4 Nxh4) 17. Bd5 c6 18. Ba2 Nxh4 (18... axb5 $6 19. axb5 cxb5 20. Bxf7+ (20. f3 Nf4 $16) 20... Qxf7 (20... Kxf7 21. Rxa5 Rg8 22. Rxb5 $16) 21. Rxa5 $16) 19. f4 Nxg2 20. Kxg2 $146 ({Predecessor:} 20. fxe5 h4 21. Bf2 Bxf2 22. Rxf2 Ne3 23. Qe2 Qg5 24. exd6 g3 25. Rxf7 gxh2 26. Nf3 {1-0 Shirov,A (2655)-Vogel,R (2471) Bundesliga 2324 2023 (7.1)}) 20... h4 21. Be1 $2 (21. Bf2 $17 {is a better defense.} Bxf2 22. Kxf2 g3+ 23. Kg1) 21... g3 $19 22. Ng4 (22. d4 $142 exd4 (22... gxh2 23. fxe5 dxe5 24. Bxf7+ Kd8 25. Kxh2 $14) 23. Nhf3 dxc3 24. Ng5) 22... Rg8 $2 (22... h3+ $19 23. Kxg3 h2 (23... Qh4+ 24. Kh2 $16)) 23. f5 $14 Qg5 24. Kh3 $1 Bd7 (24... axb5 $11 25. axb5 Bb6 (25... g2 $2 26. Kxg2 Qxg4+ 27. Qxg4 $18)) 25. Qf3 ({White should try} 25. bxa6 $16 {Hoping for Nc4.} bxa6 (25... g2 26. Kxg2 h3+ 27. Kxh3 $18) 26. Rb1) 25... O-O-O $2 (25... cxb5 $15 {keeps the upper hand.} 26. d4 exd4) 26. Bxf7 Rg7 27. Be6 $2 (27. bxc6 $1 $18 bxc6 28. Nc4) 27... Bxe6 (27... Rdg8 $1 $11 {remains equal.} 28. Bxg8 Rxg8) 28. fxe6 $16 Rdg8 {[%emt 0:00:01] [#]} 29. e7 $2 (29. Nf6 $1 $16 {[%cal Rf6g8] keeps the pressure on.} g2 (29... Rh8 30. Qg2) 30. Nxg8 gxf1=R 31. Nxf1 Rxg8 32. Bxh4) 29... Qxe7 $1 $17 (29... Qxg4+ $2 30. Qxg4+ Rxg4 31. Rf8+ Kc7 32. e8=Q $18 (32. e8=R Rxf8 33. Rxf8 g2 $18)) 30. Nf6 Rf8 $1 (30... g2 31. Qf5+ Kc7 32. Bxh4 gxf1=R (32... gxf1=B+ 33. Rxf1 Rh8 34. bxc6 $15) 33. Rxf1 $15) 31. Qf5+ {[%emt 0:00:04] [#]} (31. Kxh4 Qxf6+ (31... axb5 $2 32. Qf5+ Kc7 33. Kh3 $19) (31... Rh8+ 32. Qh5 Rxh5+ 33. Kxh5 Bf2 34. bxa6 Qf7+ 35. Kh4 Qxf6+ 36. Kh3 Rh7+ 37. Kg4 Rh4#) (31... g2 $2 32. Qf5+ Kb8 33. Kh3 $19) 32. Kh3 Qh6+) 31... Kd8 $1 32. bxc6 (32. Kxh4 Rh8+ (32... axb5 $2 33. Kh3 $19) (32... axb5 $2 33. Kh3 $19)) 32... g2 $4 {[%emt 0:00:03][%mdl 8192] [#]} (32... bxc6 $19 {avoids the disaster. Strongly threatening ...g2.} 33. Rb1 (33. Kxh4 Rh8+) (33. Kg2 $2 Bf2 $19) 33... Rgf7) 33. Bxh4 $2 (33. c7+ $1 $18 Qxc7 34. Rg1) 33... gxf1=Q+ $11 (33... gxf1=B+ $2 {too greedy.} 34. Rxf1 Nxc6 35. Nf3 $18) 34. Rxf1 Rh8 $2 ({Don't play} 34... Nxc6 35. Nf3 $16) (34... bxc6 $11 35. Nh5 Rxf5 36. Bxe7+ Kxe7 37. exf5 (37. Rxf5 Rf7 $11) 37... Rg8) 35. Nh5 $18 Rgh7 1-0

[Event "American Cup Blitz 2024"]
[Site "Saint Louis"]
[Date "2024.03.21"]
[Round "4.6"]
[White "Quesada Perez, Yasser"]
[Black "Aronian, Levon"]
[Result "0-1"]
[ECO "B51"]
[WhiteElo "2584"]
[BlackElo "2722"]
[Annotator "RC"]
[PlyCount "80"]
[EventDate "2024.03.21"]
[EventType "swiss"]
[EventCountry "USA"]
[SourceTitle "playchess.com"]
[Source "ChessBase"]
[SourceQuality "1"]
[TimeControl "180+2"]

1. e4 c5 2. Nf3 d6 3. Bb5+ Nd7 4. O-O a6 5. Bd3 Ngf6 6. c3 Ne5 7. Nxe5 dxe5 8. Bc2 g6 9. d3 Bg7 10. a3 a5 11. a4 O-O 12. Na3 Bg4 13. Qe1 Be6 14. Nc4 Qc7 15. h3 Rad8 16. Be3 Nxe4 17. f4 exf4 18. Bxf4 Nd6 19. Ne5 Qc8 20. Qf2 f6 21. Nf3 Bd5 22. Be3 b6 23. Rae1 e5 24. Bc1 Qc6 25. Nh4 c4 26. d4 e4 27. Qg3 f5 28. Bf4 Nf7 29. Qe3 Bf6 30. g3 Rd7 31. Ng2 g5 32. Be5 Nxe5 33. dxe5 Bxe5 34. Qxg5+ Rg7 35. Qh5 Bxg3 36. Rd1 Be6 37. Kh1 f4 38. Qe5 f3 39. Bxe4 fxg2+ 40. Bxg2 Qxg2+ 0-1

[Event "American Cup Blitz 2024"]
[Site "Saint Louis"]
[Date "2024.03.21"]
[Round "4.7"]
[White "Akobian, Varuzhan"]
[Black "Robson, Ray"]
[Result "1/2-1/2"]
[ECO "E61"]
[WhiteElo "2571"]
[BlackElo "2696"]
[Annotator "TA"]
[PlyCount "151"]
[EventDate "2024.03.21"]
[EventType "swiss"]
[EventCountry "USA"]
[SourceTitle "playchess.com"]
[Source "ChessBase"]
[SourceQuality "1"]
[TimeControl "180+2"]

1. d4 Nf6 2. c4 g6 3. Nc3 Bg7 4. Nf3 d6 5. Bg5 h6 6. Bf4 Nc6 {[%emt 0:00:06] E61: Königsindisch (Abweichungen der Hauptvariante).} 7. h3 g5 $146 ({Predecessor:} 7... O-O 8. e3 Nd7 9. Bh2 e5 10. d5 Ne7 11. Be2 a5 12. a3 Nf5 13. Qc2 Nh4 {0-1 Opravil,K (2083)-Horak,J (2138) CZE-chT2D 2223 2022 (8.3)}) 8. Bd2 e5 9. d5 Ne7 10. e4 c6 11. Bd3 Ng6 12. g3 g4 13. hxg4 Bxg4 14. Be2 Qd7 15. Nh4 Bxe2 16. Qxe2 Nxh4 17. Rxh4 O-O-O 18. dxc6 bxc6 19. O-O-O Kb7 20. Be3 Qe6 21. Kb1 Rd7 22. f3 Ka8 23. Rdh1 d5 24. cxd5 cxd5 25. exd5 Nxd5 26. Nxd5 Qxd5 27. Bxh6 Bf6 28. Bg5 Rxh4 29. gxh4 Bxg5 30. hxg5 Qd3+ 31. Qxd3 Rxd3 32. Rh8+ Kb7 33. Rf8 Rxf3 34. g6 Rg3 35. gxf7 Rf3 36. Kc2 e4 37. b4 a6 38. a4 Rf2+ 39. Kc3 Ka7 40. Kd4 Kb7 41. Kxe4 Rf1 42. Kd4 Rd1+ 43. Kc5 Rc1+ 44. Kd4 Rd1+ 45. Kc3 Rc1+ 46. Kb2 Rf1 47. b5 axb5 48. axb5 Ka7 49. Kc3 Kb7 50. Kb4 Rb1+ 51. Kc5 Rc1+ 52. Kd5 Rd1+ 53. Kc4 Rc1+ 54. Kd3 Rf1 $1 55. Ke2 Rf6 56. Ke3 Rf1 57. Kd4 Rd1+ 58. Ke5 Re1+ 59. Kd6 Rd1+ 60. Ke7 Re1+ 61. Kf6 Rf1+ 62. Ke5 Re1+ 63. Kd4 $1 Rd1+ 64. Kc3 Rc1+ 65. Kb2 Rf1 $1 66. Ka3 Ra1+ 67. Kb2 Rf1 $1 68. b6 Rf3 69. Kc2 Rf6 70. Kd3 Rf1 71. Ke2 Rf6 72. Ke3 Rf1 73. Ke2 Rf6 74. Ke3 Rf1 75. Ke2 Rf6 76. Ke3 1/2-1/2

[Event "American Cup Blitz 2024"]
[Site "Saint Louis"]
[Date "2024.03.21"]
[Round "4.8"]
[White "Shankland, Sam"]
[Black "Harsha Bharathakoti"]
[Result "0-1"]
[ECO "D50"]
[WhiteElo "2674"]
[BlackElo "2567"]
[Annotator "TA"]
[PlyCount "118"]
[EventDate "2024.03.21"]
[EventType "swiss"]
[EventCountry "USA"]
[SourceTitle "playchess.com"]
[Source "ChessBase"]
[SourceQuality "1"]
[TimeControl "180+2"]

1. d4 e6 2. c4 d5 3. Nc3 Nf6 4. Bg5 dxc4 5. e3 a6 6. Bxc4 {[%emt 0:00:06] D50: Damengambit (Canal/Prins-Gambit).} b5 {[%emt 0:00:04] 6...c5 ist der hippe Zug.} 7. Be2 c5 8. Nf3 Bb7 9. O-O Nbd7 10. Ne5 $146 ({Predecessor:} 10. dxc5 Bxc5 11. a3 O-O 12. b4 Be7 13. Qb3 h6 14. Bh4 Rc8 15. Rac1 Qb6 16. Rfd1 {1-0 Manukyan,S (2237)-Jaque Gutierrez,M (2187) Titled Tuesday intern op 01st Aug Late blitz 2023 (4)}) 10... Nxe5 11. dxe5 Qxd1 12. Rfxd1 Nd7 13. f4 Be7 14. Bxe7 Kxe7 15. Kf2 Rhd8 16. Bf3 Bxf3 17. Kxf3 f6 18. exf6+ gxf6 19. Ne4 f5 20. Ng5 Nf6 21. Ke2 h6 22. Nf3 Rxd1 23. Rxd1 Rd8 24. Rc1 Ne4 25. Rc2 c4 26. Nd4 Kf6 27. Kf3 h5 28. g3 Rc8 29. a3 Rc7 30. Ne2 Rd7 31. Nd4 Rc7 32. Rc1 Rc8 33. b3 $2 (33. Rc2 $11) 33... Rc7 $2 (33... Nd2+ $19 34. Ke2 Nxb3 35. Nxb3 cxb3) 34. bxc4 $15 Rxc4 (34... bxc4 35. Ke2 $11) 35. Rxc4 bxc4 36. Ke2 (36. Nc6 $11) 36... e5 (36... Ke7 $17) 37. Nc6 $11 exf4 38. exf4 Ke6 39. Nd4+ Kf6 40. Ke3 Nc5 41. Ne2 (41. Nc6 $16) 41... Ne4 $2 (41... Nb3 $11 {und Schwarz ist OK.}) 42. Kd4 $18 Nd2 43. Ng1 (43. a4 $18) 43... Ke6 (43... h4 $14) 44. Kc3 ({Vorzuziehen ist} 44. a4 $1 $16) 44... Nb1+ $11 45. Kxc4 (45. Kb2 $5 Nd2 $8 46. Kc3 Nb1+ 47. Kxc4 Nxa3+ 48. Kd4 $11) 45... Nxa3+ 46. Kc5 (46. Kb3 $5 Nb5 $8 47. Kc4 $11) 46... Nc2 47. Nf3 Ne3 48. Kd4 Ng4 49. h3 Nf6 50. Kc4 Ne4 51. Ng5+ $2 (51. Nd4+ $11 Kf6 52. Ne2) 51... Nxg5 52. fxg5 {[%emt 0:00:01] [#]} h4 $1 53. gxh4 f4 54. h5 Kf5 55. h6 {[%emt 0:00:02] [#]} Kg6 $1 (55... Kxg5 56. h7 Kh4 57. h8=Q+ (57. h8=R+ Kg5 58. Kd3 a5 59. Ke4 Kf6 60. Kxf4 Kf7 61. Ra8 Kf6) 57... Kg3 58. Qh5 Kg2 59. Qg4+ Kf2 60. Qxf4+ Kg2 61. Kd4) 56. Kd4 a5 57. Ke5 f3 ({Minderwertig wäre} 57... Kxg5 58. h7 f3 59. h8=Q (59. h8=R f2 60. Rf8 Kh4 61. Rxf2 Kg3 62. Ra2 Kf3 63. h4 Ke3 64. Ra3+ Ke2) 59... f2 60. Qf6+ Kh5 61. Qxf2 Kg6 62. Qf6+ Kh7 63. Qf7+ Kh6 64. Kf6 a4 65. Qg6#) 58. h7 Kxh7 ({Und nicht} 58... Kxg5 59. h8=Q (59. h8=R f2 60. Rf8 Kh4 61. Rxf2 Kg3 62. Ra2 Kf3 63. Ra3+ Kg2) 59... f2 60. Qf6+ Kh5 61. Qxf2 Kg6 62. Qf6+ Kh7 63. Qf7+ Kh6 64. Kf6 a4 65. Qg6#) 59. Kf6 Kg8 0-1

[Event "American Cup Blitz 2024"]
[Site "Saint Louis"]
[Date "2024.03.21"]
[Round "4.9"]
[White "Batsuren, Dambasuren"]
[Black "Oparin, Grigoriy"]
[Result "0-1"]
[ECO "A30"]
[WhiteElo "2515"]
[BlackElo "2671"]
[Annotator "TA"]
[PlyCount "122"]
[EventDate "2024.03.21"]
[EventType "swiss"]
[EventCountry "USA"]
[SourceTitle "playchess.com"]
[Source "ChessBase"]
[SourceQuality "1"]
[TimeControl "180+2"]

1. Nf3 c5 2. c4 Nf6 3. g3 b6 4. Bg2 Bb7 5. O-O g6 6. b3 Bg7 7. Bb2 O-O 8. d4 e6 9. d5 exd5 10. Nh4 Re8 11. Re1 d6 12. cxd5 b5 13. a4 b4 14. a5 Ba6 15. Nd2 Nbd7 16. h3 Rc8 17. Nhf3 Ne4 18. Bxg7 Kxg7 19. Nxe4 Rxe4 20. Nd2 Re8 21. Qc2 Qf6 22. Ne4 Qe5 23. f4 Qe7 24. Qb2+ f6 25. e3 Kg8 26. Nd2 f5 27. Bf1 (27. e4 $11) 27... Bxf1 $17 28. Kxf1 Nf6 29. Rad1 (29. Qc2 $17 {keeps fighting.}) 29... Ne4 (29... Nxd5 $19 30. Nc4 Nc3 31. Rxd6 Ne4) 30. Kg2 (30. Nxe4 $1 $15 Qxe4 31. Kf2) 30... Nc3 $19 31. Rc1 Nxd5 32. Nc4 (32. e4 $142 Nc3 33. exf5 Qb7+ (33... Qxe1 34. Rxe1 Rxe1 35. Qc2 $17) 34. Kh2) 32... Nf6 33. Rcd1 Ne4 34. Qc2 (34. Rd3 $142) 34... Rcd8 35. Rd5 (35. Rd3 {was called for.}) 35... Qb7 $19 36. Red1 (36. Rdd1 {is a better defense.}) 36... Nc3 37. a6 Qc6 (37... Qxd5+ 38. Rxd5 Nxd5 39. Qe2 $11) 38. Na5 Nxd5 (38... Qxd5+ $2 39. Rxd5 Rxe3 (39... Nxd5 $2 {perishes.} 40. Qc4 $18) 40. Rd2 $18) 39. Qc4 Qd7 40. Rxd5 Qf7 $2 (40... Rxe3 $2 {too greedy.} 41. Rxd6+ (41. Rxc5+ $2 d5 $19) 41... Kg7 42. Rxd7+ Rxd7 43. Kf2 $18 (43. Qxc5 Rd2+ 44. Kf1 Rc3 $11)) (40... Re4 $19 {and Black stays clearly on top.} 41. Qd3 Qg7) 41. Nb7 $17 {[%emt 0:00:02] [#]} Kg7 (41... Re4 $1 $17 42. Nxd8 Rxc4 43. Nxf7 Rc2+ 44. Kf3 Kxf7 45. Rxd6 Ke7) 42. Nxd8 Rxd8 43. Qd3 Qe6 (43... Qf6 $15) 44. Kf3 (44. Rxc5 $5 dxc5 45. Qxd8 $11) 44... Rd7 45. g4 fxg4+ 46. hxg4 Qe7 47. e4 Qh4 48. Qb5 $2 (48. f5 $15) 48... Qh3+ $19 49. Kf2 Qh2+ 50. Ke3 $2 (50. Kf3 Qh3+ 51. Ke2 Qxg4+ 52. Kd3) 50... Qg3+ $19 51. Ke2 Qxg4+ 52. Kd3 Qf3+ 53. Kc2 Qxe4+ 54. Rd3 Rf7 55. Qb8 c4 56. bxc4 Qxc4+ 57. Kd2 Qxf4+ 58. Re3 Qd4+ 59. Ke2 Qb2+ 60. Kd3 Qc3+ 61. Ke2 Qc2+ 0-1

[Event "American Cup Blitz 2024"]
[Site "Saint Louis"]
[Date "2024.03.21"]
[Round "4.10"]
[White "Proleiko, Julian"]
[Black "Rosen, Eric"]
[Result "1-0"]
[ECO "A13"]
[WhiteElo "2290"]
[BlackElo "2361"]
[Annotator "RC"]
[PlyCount "105"]
[EventDate "2024.03.21"]
[EventType "swiss"]
[EventCountry "USA"]
[SourceTitle "playchess.com"]
[Source "ChessBase"]
[SourceQuality "1"]
[TimeControl "180+2"]

1. Nf3 d5 2. g3 Nf6 3. Bg2 e6 4. O-O Be7 5. c4 dxc4 6. Qa4+ c6 7. Qxc4 b5 8. Qc2 Bb7 9. d3 Nbd7 10. Rd1 O-O 11. Nc3 a6 12. e4 c5 13. Bf4 Rc8 14. Ne5 Nxe5 15. Bxe5 Qb6 16. a4 Rfd8 17. a5 Qa7 18. Qe2 Rd7 19. Bf4 Rcd8 20. Be3 Qb8 21. h4 Qc7 22. h5 h6 23. Bf3 c4 24. Bb6 cxd3 25. Qe3 Qc4 26. Bxd8 Rxd8 27. e5 Bc5 28. b3 Qxc3 29. Qf4 Bxf3 30. Rac1 Bxf2+ 31. Kxf2 Qb2+ 32. Qd2 Qd4+ 33. Kxf3 Qg4+ 34. Kg2 Ne4 35. Qe3 Ng5 36. Rxd3 Qh3+ 37. Kg1 Rxd3 38. Rc8+ Rd8 39. Rxd8+ Kh7 40. Qd3+ g6 41. hxg6+ Kg7 42. gxf7 Nxf7 43. Rd7 Qg4 44. Kg2 h5 45. Qf3 Qg6 46. Qf6+ Qxf6 47. exf6+ Kxf6 48. Ra7 Nd6 49. Rxa6 Ke5 50. Rb6 Kd5 51. a6 Kc5 52. Rxd6 Kxd6 53. a7 1-0

[Event "American Cup Blitz 2024"]
[Site "Saint Louis"]
[Date "2024.03.21"]
[Round "5.1"]
[White "Durarbayli, Vasif"]
[Black "Caruana, Fabiano"]
[Result "1/2-1/2"]
[ECO "C45"]
[WhiteElo "2627"]
[BlackElo "2804"]
[Annotator "ChessBase"]
[PlyCount "235"]
[EventDate "2024.03.21"]
[EventType "swiss"]
[EventCountry "USA"]
[SourceTitle "playchess.com"]
[Source "ChessBase"]
[SourceQuality "1"]
[TimeControl "180+2"]

1. e4 e5 2. Nf3 Nc6 3. d4 exd4 4. Nxd4 Nf6 5. Nxc6 bxc6 6. e5 Qe7 7. Qe2 Nd5 8. h4 a5 9. c4 Ba6 10. Rh3 Nb6 11. b3 Qe6 12. Bb2 a4 13. Nd2 Bb4 14. O-O-O axb3 15. axb3 Bb7 16. Ne4 c5 17. Ng5 Qe7 18. Re3 O-O-O 19. g3 Kb8 20. f4 h6 21. Ne4 Rhe8 22. Bg2 Qe6 23. Nd6 Bxg2 24. Nxe8 Bh3 25. Nd6 Nc8 26. Nxc8 Bg4 27. Qd3 Bxd1 28. f5 Qa6 29. Ne7 Bg4 30. Nd5 h5 31. Nxb4 cxb4 32. Bd4 Qc6 33. Qd2 Qb7 34. f6 g6 35. Bc5 Re8 36. Qxb4 Qxb4 37. Bxb4 Kb7 38. Be7 Ra8 39. Kb2 Be6 40. Rd3 Rg8 41. Bb4 g5 42. Bd2 gxh4 43. gxh4 Rg4 44. Bg5 Re4 45. Re3 Rg4 46. Kc3 Kc6 47. Rd3 Rg2 48. Re3 Bf5 49. Rf3 Rc2+ 50. Kb4 Be6 51. Rc3 Rb2 52. Re3 Rg2 53. Kc3 Kc5 54. Rf3 Kb6 55. Re3 c5 56. Rd3 Kb7 57. b4 Rg4 58. bxc5 Rxc4+ 59. Kd2 Rxc5 60. Re3 Rc4 61. Kd3 Kc6 62. Kd2 Rg4 63. Rd3 Kc5 64. Be3+ Kc4 65. Bf2 Rg2 66. Rd4+ Kc5 67. Rf4+ Kd5 68. Ke3 Kxe5 69. Rf3 Bg4 70. Rf4 d5 71. Ra4 d4+ 72. Rxd4 Rxf2 73. Rxg4 Rxf6 74. Ra4 Kf5 75. Kf3 Kg6+ 76. Kg3 Re6 77. Ra5 f6 78. Ra3 Re4 79. Rb3 Kf5 80. Rb5+ Re5 81. Rb3 Rd5 82. Rf3+ Ke6 83. Re3+ Re5 84. Ra3 Rd5 85. Re3+ Kf7 86. Ra3 Kg6 87. Rb3 Rd4 88. Ra3 Re4 89. Rf3 Rg4+ 90. Kh3 f5 91. Ra3 f4 92. Ra6+ Kg7 93. Ra7+ Kf6 94. Ra6+ Kf5 95. Ra5+ Ke4 96. Ra4+ Kd3 97. Ra3+ Kc4 98. Ra4+ Kb5 99. Re4 Kc6 100. Ra4 f3 101. Ra6+ Kd5 102. Ra5+ Ke4 103. Ra4+ Ke3 104. Ra3+ Ke2 105. Ra2+ Kd1 106. Ra1+ Kc2 107. Rf1 Kd3 108. Rxf3+ Ke4 109. Rf8 Rf4 110. Rxf4+ Kxf4 111. Kg2 Kg4 112. Kh2 Kxh4 113. Kg2 Kg5 114. Kh1 Kf6 115. Kg2 Ke7 116. Kh3 Kd8 117. Kh4 Ke8 118. Kxh5 1/2-1/2

[Event "American Cup Blitz 2024"]
[Site "Saint Louis"]
[Date "2024.03.21"]
[Round "5.2"]
[White "Bok, Benjamin"]
[Black "So, Wesley"]
[Result "1/2-1/2"]
[ECO "E11"]
[WhiteElo "2620"]
[BlackElo "2757"]
[Annotator "ChessBase"]
[PlyCount "91"]
[EventDate "2024.03.21"]
[EventType "swiss"]
[EventCountry "USA"]
[SourceTitle "playchess.com"]
[Source "ChessBase"]
[SourceQuality "1"]
[TimeControl "180+2"]

1. d4 d5 2. c4 e6 3. Nf3 Nf6 4. g3 Bb4+ 5. Bd2 a5 6. Bg2 O-O 7. Qc2 Be7 8. O-O Nbd7 9. Rd1 c6 10. Bf4 a4 11. Ne5 Qa5 12. Nc3 Nxe5 13. dxe5 Nd7 14. cxd5 exd5 15. e4 dxe4 16. Bxe4 Nxe5 17. Nd5 cxd5 18. Rxd5 Nf3+ 19. Bxf3 Qb6 20. Be3 Qa6 21. Qd3 Qxd3 22. Rxd3 Bf6 23. Bd4 Rd8 24. Rad1 Bf5 25. R3d2 Bg5 26. Be3 Rxd2 27. Rxd2 Bxe3 28. fxe3 a3 29. bxa3 Kf8 30. Bxb7 Rxa3 31. Kf2 Be6 32. Bd5 Bxd5 33. Rxd5 Rxa2+ 34. Kg1 Ke7 35. h3 Ke6 36. Rb5 Re2 37. Rb3 g6 38. Kf1 Rh2 39. h4 h5 40. Rb5 Rd2 41. Ra5 f6 42. Rb5 Rd5 43. Rb4 Rd2 44. Rb5 Rd5 45. Rb4 Rd2 46. Rb5 1/2-1/2

[Event "American Cup Blitz 2024"]
[Site "Saint Louis"]
[Date "2024.03.21"]
[Round "5.3"]
[White "Aronian, Levon"]
[Black "Theodorou, Nikolas"]
[Result "1-0"]
[ECO "C18"]
[WhiteElo "2722"]
[BlackElo "2622"]
[Annotator "TA"]
[PlyCount "69"]
[EventDate "2024.03.21"]
[EventType "swiss"]
[EventCountry "USA"]
[SourceTitle "playchess.com"]
[Source "ChessBase"]
[SourceQuality "1"]
[TimeControl "180+2"]

1. e4 e6 2. d4 d5 3. Nc3 Bb4 4. e5 c5 5. a3 Bxc3+ 6. bxc3 Nc6 7. a4 Qa5 8. Bd2 c4 9. h4 f6 {[%emt 0:00:46] The position is equal.} 10. Nf3 Bd7 11. h5 (11. g3 $14 {is more appropriate.}) 11... O-O-O 12. g3 Rf8 13. Bg2 fxe5 14. Nxe5 Nxe5 15. dxe5 Ne7 16. h6 g6 (16... Rhg8 $15 {deserves consideration.}) 17. O-O Rf7 18. Qe2 Rhf8 19. Bh3 Nf5 20. Kh2 Bc6 21. g4 Nh4 (21... Ne7 $1 $11) 22. f4 $36 {[%emt 0:00:02][%cal Bf2f4,Bf4f5,Bf5e6][%mdl 2080] White has good play.} g5 (22... Qd8 $14) 23. f5 $1 $18 (23. fxg5 $2 Nf3+ (23... Bxa4 $2 24. Rf6 $18) 24. Kg3 d4 $19 (24... Bxa4 $2 25. g6 $18)) 23... d4 $2 {[%emt 0:00:02][%mdl 8192] A mistake that costs the game.} (23... Qd8 $16 {is tougher.} 24. Qe3 (24. fxe6 Rf3 $11) 24... d4 25. Qxg5 (25. Qxd4 $2 Rd7 $19) (25. cxd4 c3 $18) 25... Nf3+ 26. Rxf3 Bxf3 27. Qxd8+ (27. fxe6 Re7 $18) 27... Rxd8 28. fxe6 Re7) 24. cxd4 Qd5 (24... Qd8 25. Qxc4 (25. fxe6 $2 {perishes.} Nf3+ 26. Rxf3 Rxf3 $19) 25... exf5) 25. Bxg5 {[%emt 0:00:02] White is clearly winning.} Nf3+ {[%emt 0:00:11] [#]} 26. Rxf3 $1 Qxf3 (26... Rg8 27. Bf6) 27. Qxf3 (27. Qxc4 $2 {is a self mate.} Qf2+) 27... Bxf3 28. fxe6 Rc7 29. Bf6 Be4 30. g5 {[%emt 0:00:03][%cal Bg4g5,Bg5g6,Bg6g7][%mdl 32] White threatens e7+ and mate.} Kb8 31. Re1 Bd5 32. e7 Re8 {[%emt 0:00:01] [#]} 33. g6 $1 Rcxe7 (33... hxg6 34. h7) 34. Bxe7 Rxe7 35. g7 {[%emt 0:00:01] Weighted Error Value: White=0.29 (precise) /Black=0.69.  Loses game:     	---       	Black=1      Mistake:       	White=1     	Black=4      Inaccurate:     	White=2     	Black=2      OK:         	White=5     	Black=3      Best:        	White=2     	---        Strong:       	White=1     	---} 1-0

[Event "American Cup Blitz 2024"]
[Site "Saint Louis"]
[Date "2024.03.21"]
[Round "5.4"]
[White "Harsha Bharathakoti"]
[Black "Dominguez Perez, Leinier"]
[Result "1/2-1/2"]
[ECO "A14"]
[WhiteElo "2567"]
[BlackElo "2749"]
[Annotator "TA"]
[PlyCount "110"]
[EventDate "2024.03.21"]
[EventType "swiss"]
[EventCountry "USA"]
[SourceTitle "playchess.com"]
[Source "ChessBase"]
[SourceQuality "1"]
[TimeControl "180+2"]

1. c4 e6 2. Nf3 d5 3. g3 Nf6 4. Bg2 Be7 5. O-O O-O 6. b3 c5 7. cxd5 Nxd5 8. Bb2 Nc6 9. d4 cxd4 10. Nxd4 Bd7 11. Na3 Rc8 12. Nc4 Bc5 {[%emt 0:00:02] White has an edge.} 13. Rc1 Qe7 14. e4 Nb6 15. Nxc6 Bxc6 16. Qg4 {[%emt 0:00:14][%csl Gb2][%cal Rg4g7] [#]} f6 17. Nxb6 Bxb6 18. Rfd1 Rcd8 19. Rxd8 Rxd8 20. Rd1 {[%emt 0:00:01] Prevents Rd2} Rxd1+ 21. Qxd1 Qc5 22. Qd2 e5 23. Bf3 a5 24. Kg2 Kf7 25. h4 h6 26. h5 Ke7 27. Qe2 (27. Bc3 $11 {deserves consideration.}) 27... Ke8 28. Qd2 (28. Bg4 $11) 28... a4 (28... f5 $15 29. Kg1 (29. exf5 $2 {is the wrong capture.} e4 $19) 29... fxe4) 29. bxa4 $11 Bxa4 30. Qe2 (30. Bg4 $11) 30... Bb5 $17 31. Qd2 Bc6 32. g4 Qc4 33. Qc3 $2 {[%emt 0:00:03] [#]} (33. Ba3 $1 $15) 33... Qxc3 (33... Qxa2 $19 {aiming for ...Bd4.} 34. Qb4 Qa5) 34. Bxc3 $19 {[%emt 0:00:01][%mdl 4096] Endgame. KBB-KBB} Ke7 ({Better is} 34... Bc5 $15) 35. Kf1 (35. Bb4+ $1 $11 {keeps the balance.} Ke6 36. Kf1) 35... Bd4 ({Black should play} 35... Bc5 $17 36. Bb2 Kd6) 36. Bb4+ $11 {[%emt 0:00:02] The position is equal.} Kf7 37. Ke1 b5 38. Bg2 Bb6 39. f3 Bd7 40. Bf1 Bd4 41. Bd3 Bc6 42. Ke2 Bd7 43. Ke1 g6 44. hxg6+ Kxg6 45. Ke2 h5 46. gxh5+ Kxh5 47. Be7 Kg6 48. a3 Kf7 49. Bb4 Kg6 50. Be7 Be8 51. Kf1 Kf7 52. Bb4 Bc6 53. Ke2 Kg6 54. Be7 Bd7 55. Kf1 Kf7 {[%emt 0:00:08] Weighted Error Value: White=0.22 (precise) /Black=0.18 (very precise) .  Loses game:     	White=1     	---        Mistake:       	White=4     	Black=4      Inaccurate:     	White=1     	Black=3      OK:         	White=17    	Black=14     Best:        	White=2     	---} 1/2-1/2